 Dungeon Sprint DCSS version 0.30-a0-34-gbe8da3892a (webtiles) character file.

Game seed: 9198334359382770167

2 mhtbhm the Firebug (level 1, -5/10 HPs)
             Began as a Deep Elf Fire Elementalist on Aug 27, 2022.
             Killed by nerve-wracking pain
             ... invoked by Jessica
              (8 damage)
             ... in the Dungeon (Sprint III: "The Ten Rune Challenge").
             The game lasted 00:00:06 (50 turns).

mhtbhm the Firebug (Deep Elf Fire Elementalist)       Turns: 50, Time: 00:00:08

Health: -5/10      AC:  2    Str:  5    XL:     1   Next: 25%
Magic:  5/6        EV: 12    Int: 19    God:
Gold:   0          SH:  0    Dex: 15    Spells: 5/6 levels left

rFire   . . .      SeeInvis .    (no weapon)
rCold   . . .      Faith    .    (no shield)
rNeg    . . .      Spirit   .    a - +0 robe
rPois   .          Reflect  .    (no helmet)
rElec   .          Harm     .    (no cloak)
rCorr   .          Rampage  .    (no gloves)
Will    .....      NoTele   +    (no boots)
Stlth   ++........               (no amulet)
HPRegen 0.03/turn                (no ring)
MPRegen 0.10/turn                (no ring)

@: no status effects
A: no striking features
a: no special abilities


You were in the Dungeon.
You visited 1 branch

Inventory:

Armour
 a - a +0 robe (worn)
Scrolls
 g - a scroll of blinking
Potions
 b - 3 potions of magic
 c - a potion of curing
 d - a potion of heal wounds
 e - 2 potions of haste
 f - a potion of berserk rage


   Skills:
 + Level 2.5 Dodging
 + Level 2.5 Stealth
 + Level 3.2 Spellcasting
 + Level 1.1 Conjurations
 + Level 4.1 Fire Magic


You had 5 spell levels left.
You knew the following spells:

 Your Spells              Type           Power      Damage    Failure   Level
a - Foxfire               Conj/Fire      48%        2x1d6     4%          1

Your spell library contained the following spells:

 Spells                   Type           Power      Damage    Failure   Level
 Scorch                   Fire           36%        2d6       4%          2
 Conjure Flame            Conj/Fire      12%        6-21      16%         3
 Inner Flame              Hex/Fire       10%        N/A       19%         3
 Flame Wave               Conj/Fire      12%        2d6       45%         4


Dungeon Overview and Level Annotations

Branches:
Dungeon (1/1)

Altars:

Annotations:
D Jessica


Message History

Unknown command.
Unknown command.
An endoplasm comes into view.
An endoplasm is nearby!
Casting: Foxfire (safe; 6% risk of failure)
Confirm with . or Enter, or press ? or * to list all spells.
You conjure some foxfire!
Casting: Foxfire (safe; 6% risk of failure)
Confirm with . or Enter, or press ? or * to list all spells.
You conjure some foxfire!
The foxfire hits the endoplasm.
You kill the endoplasm!
Unknown command.
A rat comes into view.
Found a potion of haste.
The foxfire hits the rat.
You kill the rat!
Your Fire Magic skill increases to level 4!
Casting: Foxfire (safe; 4% risk of failure)
Confirm with . or Enter, or press ? or * to list all spells.
You conjure some foxfire!
Your foxfire dissipates!
Unknown command.
Your foxfire dissipates!
Your foxfire dissipates!
e - 2 potions of haste (gained 1) Magic restored.
Jessica the Apprentice Sorceress comes into view.
She is wielding a +0 club and wearing a +2 robe of cold resistance.
Jessica shouts!
Jessica casts a spell.
Jessica seems to speed up.
Jessica casts a spell at you. Pain shoots through your body!
Ouch! That really hurt!
* * * LOW HITPOINT WARNING * * *
Casting: Foxfire (safe; 4% risk of failure)
Confirm with . or Enter, or press ? or * to list all spells.
You conjure some foxfire!
Jessica points at you and mumbles some strange words.
Pain shoots through your body!
Ouch! That really hurt!
You die...

▓▓▓▓▓▓▓▓▓
▓<..#$..####
▓...#....v.##
▓..##...@@..#
▓##.##.##v..#
##.##.###..#
▓#.####.# ..#
▓.###..## ##
▓#.....#
###..##
##..## #..##


You could see Jessica (fast, ally target).

Vanquished Creatures
  An endoplasm (D)
  A rat (D)
2 creatures vanquished.

Vanquished Creatures (others)
  4 foxfires (D)
4 creatures vanquished.

Grand Total: 6 creatures vanquished

Notes
Turn   | Place    | Note
-------+----------+-------------------------------------------
     0 | D        | mhtbhm the Deep Elf Fire Elementalist began the quest for
                  | the Orb.
     0 | D        | Reached XP level 1. HP: 10/10 MP: 6/6
    11 | D        | Reached skill level 4 in Fire Magic
    46 | D        | Noticed Jessica
    50 | D        | Killed from afar by Jessica

Illustrated notes

Levels and vault maps discovered:
D:        dungeon_sprint_mu [sprint_mu_entry_cave, sprint_mu_temple_rooms,
          sprint_mu_d1_spiders, sprint_mu_d2_genie, sprint_mu_d3_branching,
          sprint_mu_orc_legion, sprint_mu_elf_gauntlet, sprint_mu_hive_nellie,
          sprint_mu_lair_fedhas, sprint_mu_vaults_butterflies,
          sprint_mu_slime_circle, sprint_mu_swamp_cave, sprint_mu_shoals_kraken,
          sprint_mu_blade_basic, sprint_mu_crypt_fortress,
          sprint_mu_tomb_spiral, sprint_mu_vestibule_basic,
          sprint_mu_gehenna_hellfire, sprint_mu_dis_giant,
          sprint_mu_tartarus_statrot, sprint_mu_cocytus_islands, sprint_mu_zot1]

Skill      XL: |  1 |
---------------+----+-----
Fire Magic     | 4 |  4.1
Dodging        | |  2.5
Stealth        | |  2.5
Spellcasting   | |  3.2
Conjurations   | |  1.1

Action                   || total
-------------------------++-------
 Cast: Foxfire           ||     4

Table legend: (Time is in decaauts)
 A = Elapsed time spent in this place.
 B = Non-inter-level travel time spent in this place.
 C = Inter-level travel time spent in this place.
 D = Time resting spent in this place.
 E = Time spent auto-exploring this place.
 F = Levels seen in this place.
 G = Mean time per level.
                   A        B        C        D        E       F      G
               +--------+--------+--------+--------+--------+-----+--------+
         Total |     50 |     50 |      0 |      0 |     33 |   1 |   50.0 |
       Dungeon |     50 |     50 |      0 |      0 |     33 |   1 |   50.0 |
               +--------+--------+--------+--------+--------+-----+--------+

Top non-repeatable levels by time:
       D: 50 daAuts
